Map: The Vermillion Problem

Players

DERDIEDAS

  • Race: Protoss Protoss
  • Spawn Location: 11:00

NamroodTuo

  • Race: Zerg Zerg

VOD

Have the link to the VOD?

Description

Time

  • Played on: Jan. 14, 2023, 2:35 p.m.
  • Length: 27:09
Show
View Real Time Build Order
Export as new Build Order

DERDIEDAS Protoss 

Build Orders:  

Get SALT Encoding   

  12  0:02  Probe (Chrono Boost)  
  13  0:16  Probe (Chrono Boost)  
  14  0:32  Pylon  
  14  0:35  Probe (Chrono Boost)  
  15  0:55  Forge  
  15  0:57  Probe (Chrono Boost)  
  16  1:08  Assimilator  
  16  1:11  Probe (Chrono Boost)  
  17  1:25  Probe (Chrono Boost)  
  18  1:39  Probe (Chrono Boost)  
  19  1:51  Assimilator  
  19  1:52  Probe (Chrono Boost)  
  20  2:06  Probe (Chrono Boost), Gateway  
  21  2:20  Probe (Chrono Boost)  
  22  2:34  Probe (Chrono Boost)  
  22  2:38  Pylon  
  23  2:42  Pylon  
  23  3:03  Probe (Chrono Boost)  
  23  3:04  Gateway  
  24  3:11  Gateway  
  24  3:17  Probe (Chrono Boost)  
  25  3:31  Probe (Chrono Boost), Photon Cannon  
  26  3:43  Photon Cannon  
  26  3:54  Photon Cannon  
  26  4:53  Gateway  
  26  4:55  Gateway  
  26  4:57  Gateway  
  26  5:00  Gateway  
  26  5:24  Probe (Chrono Boost)  
  27  5:38  Probe (Chrono Boost)  
  28  5:51  Probe (Chrono Boost)  
  28  5:54  Protoss Ground Weapons Level 1  
  29  6:04  Forge  
  29  6:05  Probe (Chrono Boost)  
  30  6:13  Zealot x2  
  30  6:14  Zealot  
  36  6:45  Pylon  
  36  6:49  Pylon  
  36  7:10  Zealot  
  36  7:11  Zealot x2  
  36  7:15  Zealot  
  44  7:30  Photon Cannon  
  44  7:42  Photon Cannon  
  44  8:34  Protoss Ground Armor Level 1  
  44  9:28  Zealot x2  
  44  9:29  Zealot x3  
  54  10:23  Pylon  
  54  10:26  Pylon  
  52  10:37  Pylon  
  52  10:41  Pylon  
  52  10:49  Cybernetics Core  
  46  11:13  Protoss Shields Level 1  
  44  11:46  Dragoon  
  44  11:47  Dragoon x2  
  44  11:48  Dragoon x3  
  56  12:30  Nexus  
  56  12:59  Assimilator  
  56  13:05  Assimilator  
  56  13:18  Dragoon x4  
  56  13:19  Dragoon x2  
  66  13:20  Dragoon x2  
  70  14:14  Cybernetics Core  
  70  14:20  Protoss Air Weapons Level 1  
  70  14:26  Probe (Chrono Boost)  
  71  14:31  Probe (Chrono Boost)  
  72  14:40  Probe (Chrono Boost)  
  72  14:45  Probe (Chrono Boost)  
  74  14:54  Probe (Chrono Boost)  
  74  14:59  Probe (Chrono Boost)  
  75  15:08  Probe (Chrono Boost)  
  77  15:13  Probe (Chrono Boost)  
  77  15:17  Zealot x3  
  77  15:18  Zealot x2  
  88  15:22  Probe (Chrono Boost)  
  88  15:27  Probe (Chrono Boost)  
  88  16:46  Protoss Air Armor Level 1  
  84  17:21  Zealot x3  
  84  17:22  Zealot x3  
  84  17:23  Zealot x3  
  102  18:28  Protoss Air Weapons Level 2  
  102  22:08  Probe (Chrono Boost)  
  102  22:12  Pylon  
  102  22:14  Pylon  
  102  22:16  Pylon  
  102  22:18  Pylon  
  102  22:19  Pylon  
  102  22:20  Probe (Chrono Boost)  
  102  22:22  Probe (Chrono Boost), Pylon  
  102  22:24  Pylon  
  102  22:27  Pylon  
  94  22:30  Pylon  
  94  22:32  Pylon  
  94  22:34  Probe (Chrono Boost)  
  94  22:35  Pylon  
  94  22:36  Probe (Chrono Boost)  
  94  22:38  Pylon  
  88  22:47  Probe (Chrono Boost)  
  87  22:50  Probe (Chrono Boost)  
  88  23:01  Probe (Chrono Boost)  
  88  23:04  Probe (Chrono Boost)  
  88  23:15  Probe (Chrono Boost)  
  88  23:19  Dragoon  
  79  23:20  Dragoon x5  
  79  23:21  Dragoon x3  
  79  23:22  Dragoon x4  
  79  23:23  Dragoon x2  
  79  23:24  Dragoon x2  
  79  23:25  Dragoon  
  89  24:16  Probe (Chrono Boost)  
  90  24:30  Probe (Chrono Boost)  
  91  24:44  Probe (Chrono Boost)  
  92  24:58  Probe (Chrono Boost)  
  93  25:12  Probe (Chrono Boost)  
Show
View Real Time Build Order
Export as new Build Order

NamroodTuo Zerg 

Build Orders:  

Get SALT Encoding   

  12  0:06  Infested SCV  
  13  0:19  Infested Refinery  
  13  0:31  Infested Refinery  
  13  0:32  Infested SCV  
  14  0:57  Infested Barracks  
  14  0:59  Infested SCV  
  15  1:29  Overlord  
  15  1:33  Overlord  
  15  1:59  Infested Marine  
  16  2:15  Infested Factory  
  16  2:17  Infested Marine x4  
  20  2:33  Infested SCV  
  21  2:41  Infested SCV  
  21  2:42  Infested SCV  
  23  2:50  Infested Barracks Tech Lab  
  23  3:00  Infested SCV  
  23  3:09  Infested SCV  
  25  3:16  Infested SCV  
  26  3:23  Infested Factory Tech Lab  
  26  3:34  Infested SCV  
  26  3:42  Overlord  
  26  3:48  Infested SCV  
  23  4:00  Automated Mitosis  
  23  4:13  Infested Marine x7  
  23  4:14  Infested Marine x2  
  32  4:20  Infested SCV  
  32  4:25  Infested SCV  
  34  4:53  Infested SCV x2  
  34  4:57  Infested Siege Tank  
  39  5:11  Overlord  
  39  5:18  Overlord  
  39  5:28  Infested Engineering Bay  
  39  5:40  Infested Siege Tank  
  39  5:46  Infested SCV  
  39  5:48  Infested SCV  
  35  6:03  Infested Armory  
  35  6:04  Infested SCV  
  36  6:31  Infested Bunker  
  40  6:47  Infested Siege Tank  
  43  7:02  Infested Siege Tank  
  43  7:06  Infested Siege Tank  
  49  7:16  Stukov Vehicle and Ship Weapons Level 1  
  49  7:30  Infested Marine x6  
  55  8:46  Infested Marine  
  55  8:47  Infested Marine  
  54  8:51  Saturated Cultures  
  54  8:53  Overlord  
  54  8:54  Overlord x4  
  53  9:04  Infested Barracks  
  50  9:12  Infested Barracks  
  50  9:23  Infested Factory  
  50  9:26  Infested Barracks  
  48  9:56  Stukov Vehicle and Ship Armor Level 1  
  48  10:06  Infested Marine x2  
  48  10:07  Infested Marine x8  
  58  10:11  Stukov Infantry Weapons Level 1  
  58  10:18  Retinal Augmentation  
  58  10:26  Infested SCV x2  
  58  10:27  Infested SCV x2  
  58  10:29  Overlord  
  60  11:10  Infested Bunker  
  60  11:19  Infested Starport  
  57  11:32  Infested Starport  
  53  12:01  Infested Marine  
  53  12:02  Infested Marine x19  
  53  12:07  Infested Marine  
  53  12:08  Infested Marine  
  72  12:36  Stukov Vehicle and Ship Weapons Level 2  
  72  12:51  Stukov Infantry Armor Level 1  
  72  13:11  Infested Marine  
  72  13:12  Infested Marine x17  
  66  13:55  Infested Liberator x2  
  66  13:56  Infested Liberator x5  
  66  13:57  Infested Liberator x2  
  66  13:58  Infested Liberator  
  96  14:32  Infested Starport, Infested Starport Tech Lab  
  96  14:39  Infested Starport, Infested Starport Tech Lab  
  96  14:49  Infested Marine x2  
  98  14:50  Infested Marine x5  
  98  14:59  Overlord x2  
  84  15:00  Overlord x2  
  83  15:12  Unknown x7  
  83  15:16  Unknown x3  
  83  15:28  Infested Banshee  
  83  15:29  Infested Banshee x2  
  92  15:31  Stukov Infantry Weapons Level 2  
  92  15:33  Infested Banshee  
  95  15:46  Stukov Vehicle and Ship Armor Level 2  
  95  15:58  Infested Banshee  
  98  16:25  Infested Banshee  
  98  16:26  Infested Liberator  
  90  16:55  Unknown x8  
  84  17:07  Unknown x6  
  81  17:15  Unknown x3  
  81  17:20  Infested Banshee  
  81  17:21  Infested Liberator  
  81  17:23  Infested Banshee  
  90  17:55  Overseer x2  
  90  18:43  Unknown x5  
  90  18:47  Infested Liberator, Infested Banshee  
  90  18:48  Unknown x6, Infested Banshee  
  96  18:55  Unknown x6  
  96  19:17  Infested Banshee  
  99  19:28  Infested Liberator  
  102  19:35  Overlord x4  
  102  19:36  Overlord  
  102  19:38  Infested Marine  
  102  19:39  Infested Marine x13  
  116  19:40  Infested Marine x6  
  126  19:56  Infested Bunker  
  130  20:09  Unknown x7  
  130  20:16  Unknown x3  
  124  20:21  Unknown x5  
  124  20:46  Infested Bunker  
  124  20:48  Infested Liberator, Infested Banshee  
  124  20:49  Infested Banshee  
  121  20:50  Infested Liberator  
  116  21:37  Infested Liberator, Infested Banshee  
  122  21:46  Unknown x7  
  119  21:52  Unknown x5  
  119  21:57  Unknown x2  
  119  21:59  Unknown x3  
  118  22:29  Infested Liberator, Infested Banshee  
  124  22:30  Infested Banshee  
  127  23:05  Infested Marine x5  
  127  23:06  Infested Marine x15  
  147  23:38  Unknown x4  
  147  24:44  Infested Liberator x2, Infested Banshee  
  147  24:45  Infested Banshee  
  129  25:45  Unknown x9  
  129  25:51  Unknown x6  
  129  25:57  Unknown x8  
  129  26:56  Unknown x10  
Tags
 
Add a new tag
Caveats
  • Supply blocks, unpowered buildings, or Contaminate may cause inaccurate times.
  • Supply counts are checked every 10 seconds.